 Dungeon Crawl Stone Soup version 0.17-a0-1248-g117de50 (webtiles) character file.

1042 Xvorost the Cudgeler (level 8, -3/49 HPs)
             Began as a Gargoyle Fighter on June 5, 2015.
             Engulfed by a cloud of freezing vapour (10 damage)
             ... on level 5 of the Dungeon.
             The game lasted 00:17:50 (5102 turns).

Xvorost the Cudgeler (Gargoyle Fighter)             Turns: 5102, Time: 00:17:50

Health: -3/49      AC: 14    Str: 22    XL:     8   Next: 25%
Magic:  8/8        EV: 11    Int:  8    God:
Gold:   142        SH:  5    Dex: 10    Spells: 0 memorised, 7 levels left

rFire  . . .     SeeInvis .     a - +1 flail
rCold  . . .     Clarity  .     w - +2 scale mail {rPois}
rNeg   + + .     SustAt   .     x - +0 buckler {reflect}
rPois  ∞         Gourm    .     (no helmet)
rElec  +         Spirit   .     (no cloak)
rCorr  .         Warding  .     (no gloves)
rMut   .         Stasis   .     (no boots)
MR     .....                    (no amulet)
Stlth  ..........               (no ring)
                                f - ring of positive energy {rN+}

@: not resistant to hostile enchantments, extremely unstealthy
A: negative energy resistance 1, electricity resistance, unbreathing,
petrification resistance, rot immunity, AC +5
a: no special abilities


You were on level 5 of the Dungeon.
You were not hungry.

You visited 2 branches of the dungeon, and saw 7 of its levels.

You collected 227 gold pieces.
You spent 85 gold pieces at shops.

Inventory:

Hand weapons
 a - a +1 flail (weapon)
Armour
 b - a +0 scale mail
 c - a +0 shield
 w - a +2 scale mail of poison resistance (worn)
   (You took it off an orc on level 3 of the Dungeon)
 x - a +0 buckler of reflection (worn)
   (You bought it in a shop on level 4 of the Dungeon)
Jewellery
 f - a ring of positive energy (left hand) {rN+}
   (You found it on level 5 of the Dungeon)
 p - an uncursed ring of fire {rF+, rC-}
   (You found it on level 2 of the Dungeon)
Scrolls
 h - 3 scrolls of identify
 i - 2 scrolls of fog
 m - 3 scrolls of remove curse
Potions
 d - 2 potions of might
 g - a potion of agility
 j - 3 potions of lignification {!q}
 k - 2 potions of mutation {unknown}
 r - 3 potions of heal wounds
 v - a potion of flight
 B - 2 potions of curing
Comestibles
 e - 2 bread rations {@e1}
 n - 5 meat rations {@e2}
 t - 3 slices of pizza
 z - 4 fruits


   Skills:
 + Level 5.3 Fighting
 * Level 5.6 Maces & Flails
 + Level 5.2 Armour
 + Level 3.0 Dodging
 + Level 5.3 Shields


You had 7 spell levels left.
You didn't know any spells.

Dungeon Overview and Level Annotations

Branches:
Dungeon (6/15)             Temple (1/1) D:4

Altars:
Cheibriados
Dithmenos
Elyvilon
Fedhas
Gozag
Kikubaaqudgha
Nemelex Xobeh
Ru
Sif Muna
Trog
Vehumet
Yredelemnul
Zin
The Shining One

Shops:
D:4 :[:[


Innate Abilities, Weirdness & Mutations

You are resistant to torment.
Your stone body is resilient (AC +5).
You are immune to poison.
You resist negative energy.
You are resistant to electric shocks.
You can survive without breathing.
You are immune to petrification.
You are immune to rotting.


Message History

MASSIVE DAMAGE!!
You hit the jelly but do no damage. The acid corrodes you!
Your hands burn!
The jelly barely misses you.
You take 5 damage, and have 17/49 hp.
Things that are here:
a rapier; a leather armour The sky beast flickers out of sight!
Deactivating autopickup; reactivate with Ctrl-A.
A sky beast appears from thin air!
Reactivating autopickup.
The jelly jiggles.
You are no longer corroded.
The sky beast flickers out of sight!
Deactivating autopickup; reactivate with Ctrl-A.
You barely miss the jelly. The jelly closely misses you.
You hit the jelly.
You kill the jelly!
Your Dodging skill increases to level 3!
You miss something. You block its attack.
You closely miss something. Something hits you but does no damage.
You miss something. You block its attack.
Your scale mail prevents you from hitting something.
Something hits you but does no damage.
You hit something. Something hits you but does no damage.
You hit something. Something hits you but does no damage.
You miss something. Something hits you but does no damage.
You miss something. Something hits you but does no damage.
Something hits you but does no damage.
You miss something. Something hits you but does no damage.
You sock something! Something hits you but does no damage.
You miss something. Something hits you but does no damage.
You completely miss something. Something hits you but does no damage.
You miss something. Something hits you but does no damage.
You miss something. Something hits you but does no damage.
Something hits you but does no damage.
You thump something!
Reactivating autopickup.
You feel a bit more experienced.
You start resting.
Health restored: 49 You see here a robe.
An orc, an orc warrior, 2 orc priests and a zombie come into view.
The orc warrior shouts!
The orc shouts!
The orc priest shouts!
The orc priest shouts!
The orc priest mumbles some strange prayers to Beogh against you.
Something smites you!
You take 8 damage, and have 41/49 hp.
You sock the giant gecko zombie!
You destroy the giant gecko zombie!
The orc priest looks braver.
The orc priest invokes the aid of Beogh against you.
Something smites you!
You take 14 damage, and have 28/49 hp.
MASSIVE DAMAGE!!
The orc priest's eyes start to glow.
The orc priest mumbles some strange prayers to Beogh against you.
Something smites you!
You take 11 damage, and have 17/49 hp.
MASSIVE DAMAGE!!
You block the orc warrior's attack.
Read which item? (? for menu, Esc to quit)
As you read the scroll of fog, it crumbles to dust.
The scroll dissolves into smoke.
You block the orc warrior's attack. You block the orc warrior's attack.
The orc priest's eyes start to glow.
The orc priest prays to Beogh.
You feel troubled.
The orc priest mumbles some strange prayers to Beogh.
You feel a wave of unholy energy pass over you.
The orc priest glows brightly for a moment.
There is a stone staircase leading up here.
The orc warrior barely misses you.
You climb upwards.
There is a stone staircase leading down here.
Read which item? (? for menu, Esc to quit)
Okay, then.
You closely miss the orc warrior.
The orc warrior hits you but does no damage.
You barely miss the orc warrior. The orc warrior closely misses you.
You hit the orc warrior but do no damage.
The orc warrior closely misses you.
You barely miss the orc warrior. The orc warrior closely misses you.
You completely miss the orc warrior. You block the orc warrior's attack.
You hit the orc warrior but do no damage.
The orc warrior barely misses you.
You hit the orc warrior. The orc warrior barely misses you.
You barely miss the orc warrior.
The orc warrior hits you with a dire flail!
* * * LOW HITPOINT WARNING * * *
You take 16 damage, and have 8/49 hp.
MASSIVE DAMAGE!!
You hit the orc warrior.
The orc warrior hits you with a dire flail.
* * * LOW HITPOINT WARNING * * *
You take 3 damage, and have 5/49 hp.
There is an open door here.
Really walk into a travel-excluded area?
There is an open door here.
You are engulfed in freezing vapours.
You die...

.................................
#.....##.#########.######..##....
#.....##.# #.# ##..#.##.
###..###.# #.# #..#.##. #..# #.#
######.########.#.##. #..# #.#
######.......##...##. #..# #.#
##)#.8.......##....'. #..# #.#
##(#.'o......##...##. #..# #.#
##(#@8#......##'.>... #..# #.#
##/#§##.............. ###..#
#.#####)#§#######......... ....##
##....#§#§## #...[.###. ....#
#.##.#§#§## #.....# #. ...)#
#..#.#§#§## ####..###. .##.##
##.#.#§#§## #......
.#...####..#.#§#§## #......
..._.........#.#.## ######....÷.


You could see an orc warrior.

Vanquished Creatures
  Eustachio (D:6)
  A sky beast (D:6)
  A centaur (D:5)
  2 phantoms
  2 giant frogs (D:6)
  3 jellies
  2 worker ants
  3 hounds
  The ghost of Chiseanne the Ruffian, a weakling DrTm (D:4)
  3 gnolls (D:3)
  2 river rats (D:4)
  An adder (D:2)
  A white imp (D:6)
  2 worms
  4 giant geckos
  6 orcs
  2 ball pythons (D:4)
  8 giant cockroaches
  14 hobgoblins
  3 jackals (D:4)
  14 kobolds
  2 quokkas
  10 bats
  A giant gecko zombie (D:6)
  A giant newt (D:3)
  11 goblins
  16 rats
117 creatures vanquished.

Notes
Turn   | Place    | Note
--------------------------------------------------------------
     0 | D:1      | Xvorost the Gargoyle Fighter began the quest for the Orb.
     0 | D:1      | Reached XP level 1. HP: 14/14 MP: 1/1
    90 | D:1      | Reached XP level 2. HP: 19/19 MP: 2/2
   305 | D:1      | Found a sparkling altar of Nemelex Xobeh.
   385 | D:1      | Reached skill level 1 in Dodging
   642 | D:2      | Reached XP level 3. HP: 23/23 MP: 3/3
   808 | D:2      | Found a white marble altar of Elyvilon.
  1039 | D:2      | Found a blossoming altar of Fedhas.
  1214 | D:3      | Found a glowing golden altar of the Shining One.
  1248 | D:3      | Reached XP level 4. HP: 9/28 MP: 4/4
  1251 | D:3      | HP: 7/28 [giant newt (1)]
  1542 | D:3      | Found a shadowy altar of Dithmenos.
  1783 | D:3      | Reached skill level 3 in Maces & Flails
  2197 | D:4      | Noticed Chiseanne's ghost (weakling DrTm)
  2207 | D:4      | Killed Chiseanne's ghost
  2207 | D:4      | Reached skill level 4 in Fighting
  2207 | D:4      | Reached skill level 4 in Shields
  2207 | D:4      | Reached XP level 5. HP: 25/33 MP: 5/5
  2252 | D:4      | Found Qeinoung's Armour Emporium.
  2257 | D:4      | Bought a +0 buckler of reflection for 85 gold pieces
  2305 | D:4      | Found a staircase to the Ecumenical Temple.
  2324 | Temple   | Entered the Ecumenical Temple
  2445 | D:4      | Found Olayses's Book Shop.
  2461 | D:4      | Found a glowing silver altar of Zin.
  2573 | D:4      | Found Vaegowe's Book Shoppe.
  2806 | D:4      | Reached skill level 4 in Armour
  2806 | D:4      | Reached XP level 6. HP: 34/38 MP: 6/6
  2926 | D:4      | Found Tuorigis's Antique Armour Shoppe.
  3106 | D:4      | Noticed a phantom
  3125 | D:4      | Killed a phantom
  3125 | D:4      | Reached skill level 2 in Dodging
  3520 | D:5      | Entered Level 5 of the Dungeon
  3526 | D:5      | Reached skill level 4 in Maces & Flails
  3545 | D:5      | Found a bloodstained altar of Trog.
  3562 | D:5      | Reached XP level 7. HP: 28/44 MP: 7/7
  3687 | D:5      | Found an opulent altar of Gozag.
  4144 | D:5      | Found a shadowy altar of Dithmenos.
  4770 | D:6      | Reached skill level 5 in Fighting
  4770 | D:6      | Reached skill level 5 in Shields
  4776 | D:6      | Noticed Eustachio
  4794 | D:6      | Killed Eustachio
  4794 | D:6      | Reached skill level 5 in Maces & Flails
  4794 | D:6      | Reached skill level 5 in Armour
  4794 | D:6      | Reached XP level 8. HP: 44/49 MP: 8/8
  4842 | D:6      | Reached skill level 3 in Dodging
  5088 | D:5      | HP: 8/49 [orc warrior/dire flail (16)]
  5102 | D:5      | Engulfed by a cloud of freezing vapour

Vault maps used:
D:1:      dpeg_arrival_simpleton_b, nemelex_diamond_rough_becter
D:2:      elyvilon_altar_4, nicolae_overflow_hidden_temple
D:3:      corexii_shack_village, nicolae_tso_carved_into_rock,
          nicolae_dithmenos_shadow_blocks
D:4:      old_standard_altar, minmay_temple_entry_purple_smoke, first_bread,
          serial_shops, nicolae_shop_waterfront, shop, nicolae_shop_crystal,
          shop, portal_sewer_entry_e, grunt_ministairs_3
D:5:      lemuel_ice_spiral_2, nicolae_overflow_crystal_walls, bloody_trog,
          minmay_misc_feat_cross, grunt_gozag_statues
D:6:      kennysheep_mini, makhleb_altar_promises_db, kennysheep_little_box,
          minmay_fire_ice_demons, uniq_eustachio, uniq_prince_ribbit1
Temple:   circular_temple_6

Action                   |  1- 3 |  4- 6 |  7- 9 || total
-------------------------+-------+-------+-------++-------
Melee: Flail             |   135 |   194 |   145 ||   474
  Use: Potion            |       |     1 |       ||     1
       Scroll            |       |     6 |     8 ||    14
  Eat: Chunk             |     1 |     8 |     1 ||    10
       Bread ration      |       |       |     1 ||     1
       Beef jerky        |       |       |     1 ||     1

Vault maps used:
D:1:      dpeg_arrival_simpleton_b, nemelex_diamond_rough_becter
D:2:      elyvilon_altar_4, nicolae_overflow_hidden_temple
D:3:      corexii_shack_village, nicolae_tso_carved_into_rock,
          nicolae_dithmenos_shadow_blocks
D:4:      old_standard_altar, minmay_temple_entry_purple_smoke, first_bread,
          serial_shops, nicolae_shop_waterfront, shop, nicolae_shop_crystal,
          shop, portal_sewer_entry_e, grunt_ministairs_3
D:5:      lemuel_ice_spiral_2, nicolae_overflow_crystal_walls, bloody_trog,
          minmay_misc_feat_cross, grunt_gozag_statues
D:6:      kennysheep_mini, makhleb_altar_promises_db, kennysheep_little_box,
          minmay_fire_ice_demons, uniq_eustachio, uniq_prince_ribbit1
Temple:   circular_temple_6

Table legend:
 A = Turns spent in this place as a percentage of turns spent in the entire game.
 B = Non-inter-level travel turns spent in this place as a percentage of non-inter-level travel turns spent in the entire game.
 C = Inter-level travel turns spent in this place as a percentage of turns spent in this place.
 D = Turns resting spent in this place as a percentage of non-inter-level travel turns spent in this place.
 E = Turns spent auto-exploring this place as a percentage of non-inter-level travel turns spent in this place.
 F = Non-inter-level travel turns spent in this place divided by the number of levels of this place that you've seen.
                   A       B       C       D       E      F
               +-------+-------+-------+-------+-------+----------------------
         Total | 100.0 | 100.0 |   0.4 |   1.0 |  10.3 | 221.7
       Dungeon |  98.1 |  98.1 |   0.5 |   1.1 |  10.0 | 253.8
        Temple |   1.9 |   1.9 |   0.0 |   0.0 |  24.1 |  29.0
               +-------+-------+-------+-------+-------+----------------------

Table legend:
 A = Kills in this place as a percentage of kills in entire the game.
 B = Kills by you in this place as a percentage of kills by you in the entire game.
 C = Kills by friends in this place as a percentage of kills by friends in the entire game.
 D = Other kills in this place as a percentage of other kills in the entire game.
 E = Experience gained in this place as a percentage of experience gained in the entire game.
 F = Experience gained in this place divided by the number of levels of this place that you have seen.
                   A       B       C       D       E      F
               +-------+-------+-------+-------+-------+----------------------
         Total | 100.0 | 100.0 |  -nan |  -nan | 100.0 | 212.7
       Dungeon | 100.0 | 100.0 |  -nan |  -nan | 100.0 | 248.2
               +-------+-------+-------+-------+-------+----------------------
